Map: Phantom Mode

Players

Ender

  • Race: Protoss Protoss
  • League: Master
  • Spawn Location: 11:00

Praepotens

  • Race: Protoss Protoss
  • Spawn Location: 9:00

AeroSoap

  • Race: Zerg Zerg
  • League: Diamond
  • Spawn Location: 7:00

Cyclone

  • Race: Zerg Zerg
  • Spawn Location: 7:00

Harddrive

  • Race: Protoss Protoss
  • Spawn Location: 1:00

Anonymous

  • Race: Zerg Zerg
  • Spawn Location: 5:00

MahLiLPWNY

  • Race: Protoss Protoss
  • Spawn Location: 3:00

Motive

  • Race: Zerg Zerg
  • Spawn Location: 5:00

VOD

Have the link to the VOD?

Description

Time

  • Played on: Nov. 27, 2024, 11:35 p.m.
  • Length: 23:13
Show
View Real Time Build Order
Export as new Build Order

Ender Protoss 

Build Orders: 1 Gate Expand, Nexus First 

Get SALT Encoding   

  12  0:35  Pylon  
  12  0:38  Probe  
  13  0:50  Probe  
  13  0:55  Nexus  
  13  0:56  Gateway  
  14  1:02  Probe  
  15  1:14  Probe  
  16  1:25  Assimilator  
  16  1:26  Probe  
  16  1:29  Assimilator  
  17  1:33  Pylon  
  17  1:38  Probe  
  18  1:48  Cybernetics Core  
  18  1:50  Probe  
  19  2:02  Probe  
  20  2:11  Probe  
  21  2:16  Probe  
  22  2:24  Probe  
  22  2:27  Stargate  
  22  2:28  Stargate, Probe  
  22  2:29  Stargate  
  24  2:36  Probe  
  25  2:40  Probe  
  26  2:45  Pylon  
  26  2:48  Probe  
  27  2:55  Probe  
  28  3:00  Probe  
  28  3:03  Assimilator  
  28  3:04  Assimilator  
  29  3:06  Protoss Air Weapons Level 1  
  29  3:07  Probe  
  30  3:14  Void Ray x2  
  30  3:15  Void Ray  
  43  3:20  Probe  
  43  3:32  Probe  
  44  3:35  Probe  
  45  3:44  Probe  
  45  3:47  Probe  
  47  3:56  Probe  
  47  3:59  Probe  
  49  4:25  Nexus  
  53  4:32  Void Ray  
  53  4:34  Probe  
  54  4:48  Pylon x2  
  54  4:50  Pylon  
  54  4:51  Pylon  
  54  4:52  Pylon  
  54  5:06  Probe x2  
  56  5:10  Nexus  
  56  5:18  Probe x2  
  58  5:30  Probe x2  
  60  5:42  Probe x2  
  62  5:47  Unknown, Probe  
  62  5:51  Unknown  
  62  5:52  Unknown  
  62  5:55  Probe  
  63  5:57  Unknown  
  63  6:05  Probe  
  64  6:17  Probe  
  63  6:29  Probe  
  64  6:33  Probe  
  64  6:38  Probe  
  64  6:41  Probe  
  64  6:46  Probe  
  66  6:50  Probe  
  67  6:55  Probe  
  67  6:56  Probe  
  69  7:08  Probe  
  70  7:14  Probe  
  71  7:18  Probe  
  71  7:20  Probe  
  73  7:26  Probe  
  74  7:30  Probe  
  74  7:31  Pylon  
  74  7:32  Probe  
  74  7:33  Pylon  
  74  7:34  Pylon  
  74  7:35  Pylon  
  76  7:38  Pylon  
  76  7:40  Pylon  
  76  7:42  Probe  
  77  7:44  Probe  
  77  7:47  Stargate x2  
  77  7:48  Stargate  
  77  7:49  Cybernetics Core  
  78  7:52  Forge  
  78  7:54  Twilight Council  
  78  7:56  Probe, Warp Gate, Stargate  
  78  8:04  Probe  
  79  8:12  Stargate  
  80  8:13  Stargate  
  80  8:14  Probe  
  80  8:16  Probe  
  80  8:19  Stargate x2  
  82  8:24  Probe  
  82  8:25  Stargate  
  82  8:26  Probe  
  83  8:33  Probe, Protoss Shields Level 1  
  84  8:38  Probe  
  86  8:46  Probe  
  86  8:48  Protoss Air Armor Level 1  
  87  8:58  Probe  
  120  9:05  Void Ray x3  
  120  9:06  Void Ray x2  
  120  9:07  Void Ray x3  
  120  9:08  Void Ray  
  120  9:09  Void Ray  
  132  9:11  Void Ray  
  132  9:13  Fleet Beacon  
  132  9:15  Probe  
  133  9:27  Probe  
  133  9:29  Probe  
  139  9:39  Probe  
  139  9:40  Void Ray  
  139  9:41  Probe  
  141  9:51  Probe  
  142  9:53  Probe  
  143  10:03  Probe  
  143  10:05  Probe  
  145  10:17  Probe  
  170  10:36  Void Ray  
  170  10:37  Void Ray x3  
  170  10:38  Void Ray  
  170  10:39  Void Ray  
  170  10:48  Protoss Shields Level 2  
  170  10:50  Flux Vanes  
  170  10:51  Probe  
  170  10:53  Pylon x2  
  170  10:55  Pylon  
  170  10:56  Pylon  
  171  10:57  Pylon  
  171  10:58  Pylon  
  171  10:59  Pylon  
  171  11:00  Probe, Pylon  
  172  11:05  Protoss Air Weapons Level 2, Protoss Air Armor Level 2  
  172  11:09  Probe  
  176  11:17  Void Ray  
  177  11:21  Probe  
  186  11:31  Void Ray x3  
  186  11:32  Void Ray x3  
  210  11:33  Probe, Void Ray x2  
  211  13:02  Robotics Facility  
  211  13:04  Robotics Facility  
  211  13:13  Fleet Beacon  
  211  13:15  Templar Archives  
  211  13:21  Dark Shrine  
  207  13:27  Unknown  
  197  13:55  Stargate  
  197  13:56  Stargate  
  197  13:58  Stargate  
  197  14:00  Stargate x2  
  197  14:01  Stargate  
  197  14:04  Stargate  
  197  14:05  Stargate  
  197  14:07  Stargate  
  197  14:08  Stargate  
  197  14:10  Stargate  
  197  14:13  Stargate  
  197  14:14  Photon Cannon  
  197  14:17  Photon Cannon  
  197  14:28  Stargate x2  
  197  14:30  Stargate  
  197  14:32  Stargate  
  197  14:33  Stargate  
  197  14:35  Stargate  
  197  14:37  Stargate x2  
  197  14:38  Stargate  
  197  14:40  Stargate  
  197  14:42  Stargate  
  197  14:44  Stargate  
  197  14:47  Stargate  
  197  14:48  Stargate  
  197  14:52  Stargate  
  197  14:55  Stargate  
  197  14:57  Stargate  
  197  14:59  Stargate  
  197  15:01  Stargate  
  197  15:02  Stargate  
  197  15:03  Stargate  
  197  15:05  Stargate  
  197  15:07  Stargate  
  197  15:09  Stargate  
  197  15:14  Fleet Beacon  
  197  15:56  Observer x2  
  199  16:14  Observer  
  200  16:37  Protoss Shields Level 3  
  200  16:45  Shadow Stride  
  200  17:08  Pylon  
  200  17:10  Pylon  
  200  17:12  Pylon  
  200  17:16  Pylon  
  200  17:18  Pylon  
  200  17:20  Pylon  
  200  17:23  Pylon  
  200  17:40  Shield Battery  
  200  17:41  Shield Battery  
  200  17:43  Shield Battery  
  200  17:44  Shield Battery  
  200  17:46  Shield Battery  
  200  17:48  Shield Battery  
  200  17:58  Photon Cannon x2  
  200  17:59  Photon Cannon  
  200  18:00  Photon Cannon  
  200  18:02  Photon Cannon  
  200  18:03  Photon Cannon  
  200  18:04  Photon Cannon  
  200  18:05  Photon Cannon  
  200  18:06  Photon Cannon  
  200  18:07  Photon Cannon  
  200  18:08  Photon Cannon  
  200  18:10  Photon Cannon  
  200  18:11  Photon Cannon  
  200  18:14  Photon Cannon x2  
  200  18:15  Photon Cannon  
  200  18:19  Photon Cannon  
  200  18:20  Photon Cannon  
  200  18:22  Photon Cannon  
  200  18:23  Photon Cannon  
  200  18:24  Photon Cannon  
  200  18:26  Photon Cannon  
  200  18:27  Photon Cannon  
  200  18:28  Photon Cannon  
  200  18:29  Photon Cannon  
  200  18:31  Photon Cannon  
  200  18:32  Photon Cannon  
  200  19:21  Protoss Ground Armor Level 1  
  200  19:41  Protoss Air Armor Level 3  
  200  19:42  Protoss Air Weapons Level 3  
  200  21:54  Pylon x2  
  200  21:56  Pylon  
  200  21:57  Pylon  
  200  22:17  Templar Archives  
  200  22:19  Fleet Beacon  
  200  22:24  Gateway  
  200  22:25  Gateway  
  200  22:27  Gateway  
  200  22:29  Gateway  
  200  22:31  Gateway  
  200  22:32  Gateway  
Show
View Real Time Build Order
Export as new Build Order

Praepotens Protoss 

Build Orders: Nexus First 

Get SALT Encoding   

  12  0:32  Probe  
  13  0:44  Probe  
  14  0:51  Pylon x2  
  14  0:56  Probe, Nexus  
  15  0:59  Assimilator  
  15  1:01  Assimilator  
  15  1:09  Probe  
  16  1:21  Probe  
  16  1:24  Assimilator  
  17  1:29  Assimilator  
  17  1:33  Probe  
  18  1:41  Probe  
  19  1:49  Probe  
  20  1:59  Probe  
  20  2:01  Pylon  
  20  2:02  Pylon  
  20  2:04  Pylon  
  20  2:05  Pylon  
  20  2:07  Pylon  
  20  2:08  Pylon  
  21  2:11  Pylon  
  21  2:12  Probe  
  22  2:24  Probe  
  23  2:41  Probe  
  23  2:45  Probe  
  23  2:49  Probe  
  25  2:53  Probe  
  27  2:59  Probe  
  27  3:00  Pylon  
  27  3:03  Probe  
  28  3:07  Pylon  
  28  3:08  Pylon  
  28  3:10  Pylon  
  28  3:11  Probe  
  30  3:14  Pylon  
  30  3:15  Probe  
  31  3:23  Probe  
  32  3:27  Probe  
  33  3:36  Gateway  
  33  3:42  Forge  
  33  3:51  Pylon x2  
  33  3:53  Pylon  
  33  3:54  Pylon  
  33  3:55  Pylon  
  33  3:56  Pylon  
  33  3:59  Probe  
  34  4:07  Probe  
  34  4:08  Probe  
  35  4:15  Probe  
  35  4:16  Probe  
  38  4:24  Probe  
  38  4:27  Probe  
  40  4:36  Probe  
  41  4:39  Probe  
  41  4:43  Photon Cannon  
  41  4:44  Photon Cannon  
  42  4:46  Photon Cannon  
  42  4:48  Photon Cannon, Probe  
  42  4:52  Photon Cannon  
  43  4:55  Photon Cannon  
  43  5:01  Photon Cannon  
  43  5:14  Pylon  
  43  5:15  Pylon  
  43  5:18  Protoss Shields Level 1  
  43  5:33  Pylon  
  43  5:35  Pylon  
  43  5:36  Pylon  
  43  5:50  Photon Cannon  
  43  5:51  Photon Cannon  
  43  5:52  Photon Cannon  
  43  5:53  Photon Cannon  
  43  5:56  Photon Cannon  
  43  5:58  Photon Cannon  
  43  6:04  Photon Cannon  
  43  6:07  Photon Cannon  
  43  6:12  Photon Cannon  
  43  6:24  Pylon  
  43  6:25  Pylon  
  43  6:42  Cybernetics Core  
  43  6:55  Photon Cannon  
  43  6:56  Photon Cannon  
  42  7:18  Photon Cannon  
  42  7:20  Photon Cannon  
  41  7:26  Photon Cannon  
  41  7:33  Probe  
  41  7:45  Probe  
  42  7:57  Probe  
  43  8:04  Protoss Air Armor Level 1  
  43  8:06  Cybernetics Core  
  43  8:09  Probe  
  43  8:12  Shield Battery x2  
  44  8:17  Photon Cannon  
  44  8:26  Twilight Council  
  44  8:29  Robotics Facility  
  44  8:56  Photon Cannon  
  44  8:58  Photon Cannon  
  44  9:32  Stargate  
  44  9:34  Stargate  
  44  9:36  Stargate  
  44  9:38  Protoss Shields Level 2, Stargate  
  44  10:12  Protoss Air Weapons Level 1  
  44  10:13  Pylon  
  44  10:14  Pylon  
  44  10:16  Pylon  
  44  10:17  Pylon  
  44  10:27  Fleet Beacon  
  44  10:33  Stargate  
  44  10:36  Stargate  
  44  10:45  Observer  
  45  10:56  Photon Cannon  
  45  10:59  Pylon  
  45  11:01  Pylon  
  45  11:05  Shield Battery  
  45  11:12  Shield Battery  
  45  11:16  Photon Cannon  
  45  11:17  Photon Cannon  
  45  11:20  Photon Cannon  
  45  11:30  Pylon x2  
  45  11:33  Pylon  
  45  11:40  Photon Cannon x2  
  45  11:49  Photon Cannon  
  45  11:54  Shield Battery x2  
  45  11:57  Photon Cannon  
  45  11:59  Photon Cannon  
  45  12:03  Photon Cannon  
  45  12:10  Photon Cannon  
  45  12:22  Protoss Shields Level 3  
  45  12:27  Protoss Air Weapons Level 2, Protoss Air Armor Level 2  
  45  12:33  Photon Cannon  
  45  12:34  Photon Cannon  
  45  12:35  Photon Cannon  
  45  12:37  Photon Cannon  
  45  12:38  Photon Cannon  
  45  12:39  Photon Cannon  
  45  12:41  Photon Cannon  
  45  12:42  Photon Cannon  
  45  12:44  Photon Cannon  
  45  12:45  Photon Cannon  
  45  12:46  Photon Cannon  
  45  12:47  Photon Cannon  
  45  12:49  Photon Cannon  
  45  12:50  Photon Cannon  
  45  12:51  Photon Cannon  
  45  12:53  Photon Cannon  
  45  12:54  Photon Cannon  
  45  12:56  Photon Cannon  
  45  12:57  Photon Cannon  
  45  12:58  Photon Cannon  
  45  12:59  Photon Cannon  
  45  13:01  Photon Cannon  
  45  13:02  Photon Cannon  
  45  13:03  Photon Cannon  
  45  13:04  Photon Cannon  
  45  13:06  Photon Cannon  
  45  13:07  Photon Cannon  
  45  13:08  Photon Cannon  
  45  13:10  Photon Cannon  
  45  13:11  Photon Cannon  
  45  13:12  Photon Cannon  
  45  13:13  Photon Cannon  
  45  13:40  Photon Cannon  
  45  13:41  Photon Cannon  
  45  13:42  Photon Cannon  
  45  13:44  Photon Cannon  
  45  14:22  Photon Cannon  
  45  14:23  Photon Cannon  
  45  14:24  Photon Cannon  
  45  14:26  Photon Cannon  
  45  14:27  Photon Cannon  
  45  14:28  Photon Cannon  
  45  14:33  Photon Cannon  
  45  14:36  Photon Cannon  
  45  14:37  Photon Cannon  
  45  14:38  Photon Cannon  
  45  14:42  Photon Cannon  
  45  14:43  Photon Cannon  
  45  14:46  Photon Cannon  
  45  14:47  Photon Cannon  
  45  14:54  Photon Cannon  
  45  15:03  Photon Cannon  
  45  15:05  Photon Cannon  
  45  15:06  Photon Cannon  
  45  15:26  Unknown  
  45  15:45  Protoss Air Weapons Level 3  
  45  15:46  Protoss Air Armor Level 3  
  45  16:27  Shield Battery  
  45  16:37  Stargate  
  45  16:44  Photon Cannon x2  
  45  16:47  Photon Cannon  
  45  16:53  Shield Battery  
  45  16:55  Shield Battery  
  45  16:59  Photon Cannon  
  45  17:02  Photon Cannon  
  45  17:08  Shield Battery  
  45  17:12  Photon Cannon  
  45  17:20  Pylon x2  
  45  17:21  Pylon  
  45  17:23  Pylon  
  45  17:24  Pylon  
  45  17:30  Pylon  
  45  17:31  Pylon  
  45  17:33  Pylon  
  45  17:35  Pylon  
  45  17:36  Pylon  
  45  17:43  Pylon  
  45  17:45  Pylon  
  45  17:46  Pylon  
  45  17:53  Tempest x3  
  45  17:54  Tempest x3  
  45  17:55  Tempest  
  73  18:14  Photon Cannon  
  73  18:15  Photon Cannon  
  73  18:16  Photon Cannon  
  73  18:20  Photon Cannon x2  
  73  18:22  Photon Cannon  
  73  18:41  Photon Cannon  
  73  18:42  Shield Battery  
  73  18:49  Photon Cannon  
  73  18:56  Shield Battery  
  73  19:11  Shield Battery  
  73  19:20  Photon Cannon x2  
  73  19:21  Photon Cannon  
  73  19:23  Photon Cannon  
  73  19:24  Photon Cannon  
  73  19:30  Shield Battery  
  73  19:31  Shield Battery  
  73  19:37  Photon Cannon  
  73  19:40  Photon Cannon  
  73  19:43  Photon Cannon  
  73  19:44  Photon Cannon  
  73  19:45  Photon Cannon  
  73  19:46  Photon Cannon  
  73  20:10  Tempest x3  
  85  20:16  Tempest  
  89  20:25  Tempest  
  93  20:34  Tempest  
  97  20:41  Tempest  
  101  20:56  Photon Cannon  
  101  21:02  Photon Cannon x2  
  101  21:06  Photon Cannon  
  101  21:07  Photon Cannon  
  101  21:18  Photon Cannon  
  101  21:26  Shield Battery x2  
  101  21:28  Shield Battery  
  101  21:29  Shield Battery  
  101  21:30  Shield Battery  
  101  21:36  Photon Cannon  
  101  21:40  Photon Cannon  
Show
View Real Time Build Order
Export as new Build Order

AeroSoap Zerg 

Build Orders: Pool First, Ravager All-In, Roach Nydus 

Get SALT Encoding   

  12  0:30  Overlord  
  12  0:32  Drone x2  
  12  0:33  Spawning Pool  
  13  0:37  Hatchery  
  12  0:45  Drone  
  13  0:56  Hatchery, Drone  
  13  1:06  Drone  
  14  1:20  Lair  
  14  1:21  Drone  
  14  1:24  Roach Warren  
  14  1:26  Drone  
  15  1:53  Overlord  
  15  1:57  Pneumatized Carapace  
  15  2:05  Roach x4  
  23  2:18  Roach, Nydus Network  
  23  2:19  Roach  
  27  2:22  Drone  
  27  2:29  Ravager x3  
  30  2:31  Ravager  
  31  2:39  Ravager  
  31  2:40  Ravager  
  33  2:47  Drone x3  
  36  2:58  Extractor  
  35  3:01  Drone x3  
  38  3:13  Drone x4  
  38  3:16  Extractor  
  41  3:21  Drone  
  41  3:25  Overlord  
  42  3:43  Nydus Canal  
  42  3:45  Drone x5  
  47  3:56  Spine Crawler  
  47  3:57  Spine Crawler  
  45  4:05  Nydus Canal  
  45  4:41  Nydus Canal  
  44  4:46  Zergling x14  
  46  5:13  Drone x4  
  50  5:15  Overlord x4  
  48  5:30  Drone x2  
  48  5:31  Overlord  
  48  5:32  Overlord  
  50  5:37  Hatchery  
  49  5:43  Drone x3  
  49  5:47  Drone x2  
  54  6:07  Drone x2  
  54  6:08  Drone x4  
  60  6:12  Metabolic Boost  
  60  6:14  Drone  
  60  6:15  Overseer x2  
  61  6:22  Drone x2, Infestation Pit  
  62  6:29  Hatchery  
  61  6:40  Drone x6  
  61  6:42  Extractor  
  61  6:43  Extractor  
  65  7:00  Drone x2  
  65  7:01  Drone x6  
  73  7:24  Roach  
  73  7:25  Roach x7  
  73  7:26  Glial Reconstitution  
  89  7:31  Drone  
  89  7:32  Drone x3  
  93  8:08  Roach  
  93  8:13  Queen  
  93  8:14  Hive  
  93  8:16  Drone x12  
  107  8:26  Ravager  
  108  8:32  Extractor  
  108  8:33  Extractor  
  105  8:43  Drone  
  106  8:50  Roach x2  
  106  8:52  Overlord x9  
  110  8:56  Overseer  
  110  9:15  Drone x3  
  110  9:16  Roach x5  
  123  9:19  Spine Crawler  
  123  9:21  Spine Crawler, Spore Crawler  
  120  9:33  Drone x3, Evolution Chamber  
  120  9:35  Drone x3, Evolution Chamber  
  120  9:36  Evolution Chamber  
  123  9:50  Overseer x3  
  123  9:54  Adrenal Glands  
  123  9:56  Hydralisk Den  
  122  10:02  Drone x2, Spire  
  122  10:04  Zerg Ground Armor Level 1, Zerg Melee Weapons Level 1, Zerg Missile Weapons Level 1  
  123  10:26  Hydralisk  
  123  10:27  Hydralisk x17  
  159  10:35  Nydus Canal  
  159  10:40  Grooved Spines  
  159  10:46  Hatchery  
  159  10:49  Hatchery  
  157  10:52  Hatchery  
  156  11:29  Drone x13  
  156  11:30  Drone x3  
  172  12:03  Zerg Ground Armor Level 2, Zerg Melee Weapons Level 2, Zerg Missile Weapons Level 2  
  172  12:48  Muscular Augments  
  172  12:50  Spire  
  171  12:58  Ultralisk Cavern  
  170  12:59  Baneling Nest  
  170  13:01  Drone x8, Lurker Den  
  170  13:03  Drone x7  
  170  13:04  Spore Crawler  
  182  13:05  Spore Crawler  
  182  13:07  Spore Crawler x2  
  182  13:10  Spore Crawler x2  
  182  13:12  Drone x3  
  180  13:30  Drone  
  180  13:32  Zerg Flyer Weapons Level 1  
  181  13:52  Hatchery  
  181  13:55  Hatchery  
  179  13:56  Chitinous Plating  
  179  13:58  Hatchery, Ultralisk  
  179  14:01  Hatchery  
  183  14:06  Nydus Canal  
  183  14:08  Overlord x8  
  183  14:29  Nydus Canal  
  183  14:30  Ultralisk  
  183  14:31  Ultralisk  
  195  14:32  Zergling x10  
  200  14:41  Zerg Flyer Armor Level 1  
  200  14:42  Zerg Missile Weapons Level 3, Zerg Melee Weapons Level 3, Zerg Ground Armor Level 3  
  200  14:56  Unknown  
  200  15:14  Anabolic Synthesis  
  200  15:35  Zerg Flyer Weapons Level 2  
  200  15:56  Hatchery  
  199  15:57  Hatchery  
  199  16:03  Hatchery  
  197  16:04  Hatchery  
  197  16:05  Hatchery x3  
  197  16:08  Hatchery  
  192  16:18  Spore Crawler x2  
  192  16:20  Spore Crawler  
  192  16:21  Spore Crawler  
  192  16:22  Spore Crawler x2  
  192  16:23  Drone x5  
  192  16:24  Spore Crawler  
  192  16:25  Spore Crawler x2  
  188  16:49  Zerg Flyer Armor Level 2  
  188  17:07  Adaptive Talons  
  188  17:09  Drone x12  
  200  17:17  Spore Crawler  
  200  17:18  Spore Crawler x2  
  200  17:19  Spore Crawler  
  200  17:21  Spore Crawler  
  200  17:22  Spore Crawler  
  194  17:23  Spore Crawler  
  194  17:24  Centrifugal Hooks, Spore Crawler x2  
  194  17:27  Spore Crawler  
  194  17:28  Spore Crawler  
  194  17:29  Drone x10  
  200  17:30  Drone  
  200  17:45  Spore Crawler  
  200  17:46  Spore Crawler  
  200  17:47  Spore Crawler x3  
  200  17:48  Spore Crawler x2  
  200  17:49  Spore Crawler x2  
  200  17:50  Spore Crawler x2  
  189  17:52  Spore Crawler  
  188  18:03  Spore Crawler  
  188  18:04  Seismic Spines  
  187  18:40  Burrow  
  169  19:18  Baneling x6  
  169  19:19  Baneling x18  
  169  19:23  Zerg Flyer Armor Level 3, Zerg Flyer Weapons Level 3  
  169  19:34  Corruptor x2  
  169  19:35  Corruptor x5  
  183  19:57  Drone x3  
  183  19:58  Drone  
  187  20:00  Drone x6  
  187  20:01  Spore Crawler  
  187  20:02  Spore Crawler  
  187  20:03  Spore Crawler  
  187  20:05  Spore Crawler  
  187  20:06  Spore Crawler  
  188  20:28  Spore Crawler  
  188  20:31  Spore Crawler x2  
  188  20:33  Spore Crawler  
  188  20:35  Spore Crawler  
  183  20:36  Spore Crawler  
  182  20:58  Spawning Pool  
  182  21:03  Drone  
  152  22:15  Viper x3  
  152  22:16  Viper  
  164  22:23  Lurker x5  
  164  22:26  Corruptor x4  
  177  22:36  Hydralisk x11  
  185  22:40  Zergling x2  
  200  22:49  Spore Crawler  
  200  22:50  Spore Crawler x2  
  197  22:52  Spore Crawler x2  
  197  22:53  Spine Crawler  
  197  22:54  Spine Crawler  
  197  22:55  Drone x3, Spore Crawler  
  197  22:56  Drone  
  197  22:57  Spore Crawler  
  196  22:58  Drone x5  
Show
View Real Time Build Order
Export as new Build Order

Cyclone Zerg 

Build Orders: Pool First 

Get SALT Encoding   

  12  0:32  Drone x2  
  14  0:40  Overlord  
  14  0:43  Spawning Pool  
  14  0:45  Extractor  
  12  0:59  Hatchery  
  11  1:10  Hatchery  
  10  1:20  Drone x3  
  13  1:28  Evolution Chamber  
  12  1:43  Drone x2  
  12  1:45  Spine Crawler  
  13  1:47  Spine Crawler x2  
  11  1:56  Spine Crawler  
  11  1:58  Drone  
  11  2:08  Drone  
  12  2:13  Queen  
  14  2:27  Zergling x4  
  16  2:40  Zergling x6  
  19  2:47  Zergling x4  
  20  3:04  Extractor  
  19  3:08  Drone x5  
  24  3:16  Zerg Melee Weapons Level 1  
  24  3:25  Drone x2  
  26  3:37  Drone x3  
  29  4:04  Drone x5  
  29  4:05  Roach Warren  
  30  4:12  Baneling Nest  
  29  4:39  Drone x5  
  33  5:05  Hatchery  
  33  5:06  Drone  
  33  5:09  Overlord x4  
  33  5:15  Baneling x4  
  33  5:36  Roach  
  33  5:40  Drone x7  
  33  5:41  Drone  
  43  5:48  Zergling x4  
  43  5:49  Zergling x2  
  46  6:11  Drone x7  
  53  6:13  Lair  
  53  6:16  Zerg Missile Weapons Level 1  
  53  6:19  Metabolic Boost  
  53  6:33  Drone x6  
  59  6:55  Extractor x2  
  59  6:59  Drone x11  
  68  7:09  Queen  
  68  7:12  Overlord  
  68  7:13  Overlord  
  70  7:29  Queen x2  
  74  8:33  Extractor  
  73  8:46  Roach  
  73  8:47  Roach  
  77  8:51  Spire, Zerg Missile Weapons Level 2  
  77  8:52  Hydralisk Den, Spire  
  74  8:56  Evolution Chamber  
  74  8:58  Overseer  
  74  9:00  Evolution Chamber  
  74  9:01  Infestation Pit  
  71  9:05  Extractor  
  71  9:08  Hatchery, Drone x12  
  71  9:09  Drone x7  
  88  9:10  Hatchery x2  
  88  9:11  Overlord x2, Hatchery  
  85  9:27  Overseer  
  85  9:37  Glial Reconstitution, Centrifugal Hooks  
  85  9:39  Hive  
  85  9:43  Zerg Melee Weapons Level 2  
  85  9:44  Zerg Ground Armor Level 1  
  85  10:05  Corruptor  
  85  10:06  Hydralisk  
  89  10:07  Corruptor x2, Roach  
  89  10:08  Corruptor, Zergling x4  
  89  10:09  Zergling x10  
  89  10:10  Overlord  
  89  10:11  Overlord x6  
  89  10:12  Overlord x4  
  104  10:50  Overseer  
  104  10:52  Adrenal Glands  
  104  10:54  Grooved Spines  
  104  11:25  Queen x2  
  106  11:26  Queen x3  
  106  11:29  Nydus Network x2  
  106  11:30  Nydus Network  
  111  11:34  Zerg Flyer Weapons Level 1, Zerg Flyer Armor Level 1  
  111  11:36  Zerg Missile Weapons Level 3  
  111  11:37  Tunneling Claws  
  111  11:44  Muscular Augments  
  111  11:49  Drone x8  
  111  11:50  Drone x3  
  111  11:51  Overlord x4  
  122  12:28  Zerg Ground Armor Level 2  
  122  12:29  Zerg Melee Weapons Level 3  
  122  12:33  Ultralisk Cavern  
  121  13:53  Unknown  
  121  14:12  Nydus Canal  
  121  14:13  Nydus Canal  
  121  14:22  Hydralisk x6  
  121  14:23  Hydralisk x29  
  121  14:24  Hydralisk x2  
  197  14:35  Zergling x6  
  200  14:39  Nydus Canal  
  200  14:47  Nydus Canal  
  200  14:48  Nydus Canal  
  200  15:10  Hatchery  
  200  15:12  Nydus Canal  
  199  15:16  Nydus Canal  
  199  15:26  Zerg Ground Armor Level 3  
  199  15:34  Hatchery  
  198  15:38  Hatchery  
  198  15:40  Hydralisk  
  197  16:13  Viper  
  197  16:17  Overseer x2  
  197  16:18  Overseer x3  
  200  16:38  Baneling x2  
  200  16:39  Baneling x28  
  196  16:50  Spore Crawler  
  196  16:51  Spore Crawler  
  196  16:52  Spore Crawler x2  
  179  16:55  Chitinous Plating, Spore Crawler x2  
  179  16:56  Spine Crawler, Spore Crawler x2  
  179  16:57  Ultralisk  
  179  16:58  Spine Crawler, Spore Crawler  
  155  17:37  Ultralisk  
  155  17:38  Ultralisk x2  
  173  17:47  Nydus Canal  
  173  17:48  Nydus Canal  
  173  17:57  Greater Spire  
  173  18:11  Spine Crawler  
  172  18:14  Spine Crawler x2  
  172  18:15  Overseer x2, Spore Crawler  
  172  18:17  Spine Crawler, Spore Crawler x3  
  161  18:23  Corruptor  
  161  18:24  Corruptor  
  100  19:23  Hydralisk  
  100  19:24  Hydralisk x7  
Show
View Real Time Build Order
Export as new Build Order

Harddrive Protoss 

Build Orders: Nexus First 

Get SALT Encoding   

  12  0:32  Probe  
  13  0:41  Pylon  
  13  0:43  Pylon  
  13  0:44  Probe  
  14  0:56  Probe  
  15  0:59  Nexus  
  15  1:02  Assimilator  
  15  1:06  Assimilator  
  15  1:08  Probe  
  15  1:09  Gateway  
  16  1:13  Forge  
  16  1:18  Pylon  
  16  1:21  Probe  
  17  2:28  Pylon  
  17  7:17  Probe  
  18  7:25  Probe  
  18  7:28  Cybernetics Core  
  18  7:29  Pylon  
  19  7:33  Gateway  
  19  7:35  Probe  
  19  7:40  Pylon  
  19  7:41  Pylon  
  19  7:43  Probe  
  20  7:45  Assimilator  
  20  7:46  Assimilator  
  20  7:49  Protoss Shields Level 1  
  20  7:51  Probe  
  21  7:57  Pylon  
  22  8:01  Probe, Pylon  
  23  8:07  Pylon  
  23  8:12  Probe  
  24  8:20  Probe  
  25  8:29  Probe  
  26  8:38  Probe, Twilight Council  
  26  8:39  Robotics Facility  
  26  8:40  Probe  
  26  8:41  Stargate  
  27  8:42  Stargate  
  27  8:46  Probe, Pylon x2  
  28  8:48  Probe, Pylon  
  28  8:55  Probe  
  30  8:58  Probe  
  32  9:06  Probe  
  32  9:08  Cybernetics Core  
  33  9:10  Probe, Forge  
  33  9:12  Photon Cannon  
  33  9:14  Photon Cannon  
  34  9:18  Probe  
  34  9:19  Photon Cannon x2  
  34  9:21  Photon Cannon  
  34  9:22  Photon Cannon, Probe, Blink  
  36  9:24  Pylon  
  36  9:28  Warp Prism  
  36  9:29  Photon Cannon, Dark Shrine  
  36  9:30  Photon Cannon  
  46  9:32  Photon Cannon  
  46  9:33  Photon Cannon  
  46  9:34  Photon Cannon  
  46  9:36  Void Ray x2  
  46  9:37  Probe  
  46  9:39  Probe  
  46  9:40  Robotics Bay  
  46  9:41  Photon Cannon  
  46  9:42  Photon Cannon  
  48  9:45  Probe  
  48  9:51  Probe, Protoss Ground Weapons Level 1  
  50  9:55  Probe  
  50  9:57  Protoss Shields Level 2  
  51  10:03  Probe  
  51  10:04  Pylon, Observer  
  53  10:07  Protoss Air Weapons Level 1, Probe  
  53  10:10  Protoss Air Armor Level 1  
  54  10:16  Pylon  
  54  10:19  Probe  
  55  10:27  Pylon  
  55  10:28  Gravitic Drive  
  55  10:39  Gateway  
  55  10:40  Gateway, Pylon  
  55  10:42  Gateway  
  63  10:43  Gateway  
  63  10:45  Gateway, Shadow Stride  
  63  10:47  Gateway, Void Ray x2  
  63  10:49  Gateway, Probe  
  63  10:53  Gateway  
  64  10:57  Probe  
  64  11:00  Pylon  
  64  11:02  Pylon  
  65  11:07  Probe, Pylon  
  66  11:19  Probe  
  66  11:21  Fleet Beacon  
  66  11:22  Photon Cannon  
  66  11:23  Charge  
  66  11:24  Stargate  
  66  11:25  Gravitic Boosters  
  67  11:26  Pylon  
  67  11:30  Shield Battery x2  
  67  11:32  Photon Cannon  
  67  11:36  Photon Cannon  
  75  11:43  Warp Gate, Void Ray x2  
  75  11:52  Protoss Ground Armor Level 1  
  75  12:15  Photon Cannon x2  
  75  12:18  Photon Cannon  
  75  12:19  Photon Cannon  
  75  12:21  Photon Cannon  
  75  12:23  Protoss Air Weapons Level 2, Pylon  
  75  12:27  Photon Cannon, Flux Vanes  
  75  12:29  Protoss Ground Weapons Level 2  
  87  12:38  Void Ray  
  87  12:39  Void Ray x2  
  87  12:40  Stargate  
  87  12:43  Pylon  
  87  12:47  Photon Cannon  
  87  12:49  Photon Cannon  
  87  12:52  Photon Cannon  
  87  12:54  Pylon  
  87  13:33  Void Ray  
  87  13:34  Void Ray x3  
  103  13:40  Protoss Air Armor Level 2  
  103  13:47  Photon Cannon  
  103  13:49  Stargate  
  103  13:52  Photon Cannon  
  103  13:54  Protoss Shields Level 3, Photon Cannon  
  103  13:56  Photon Cannon  
  103  13:57  Pylon  
  103  14:11  Dark Templar  
  103  14:12  Dark Templar x4  
  103  14:13  Dark Templar x3  
  111  14:45  Void Ray x3  
  126  14:46  Void Ray x2  
  126  15:04  Unknown  
  126  15:10  Protoss Ground Weapons Level 3  
  126  15:30  Protoss Air Weapons Level 3  
  126  15:41  Nexus  
  142  16:21  Void Ray x3  
  142  16:22  Void Ray  
  142  16:23  Nexus  
  142  16:39  Void Ray  
  146  16:41  Protoss Ground Armor Level 2  
  146  17:10  Protoss Air Armor Level 3  
  146  17:15  Pylon  
  146  17:17  Pylon  
  146  17:22  Pylon  
  138  17:29  Void Ray x2  
  158  17:30  Void Ray x3  
  157  17:57  Photon Cannon  
  157  17:58  Photon Cannon, Probe  
  158  17:59  Photon Cannon  
  158  18:04  Photon Cannon  
  158  18:05  Photon Cannon  
  158  18:10  Probe  
  159  18:22  Probe  
  160  18:34  Probe  
  144  19:02  Void Ray x4  
  164  19:03  Void Ray  
  164  19:08  Pylon  
  148  19:30  Dark Templar x3  
  148  19:31  Dark Templar  
  144  19:45  Void Ray  
  152  20:03  Void Ray x3  
  152  20:04  Void Ray  
  152  20:28  Void Ray  
  156  21:30  Photon Cannon  
  156  21:31  Photon Cannon  
  156  21:32  Pylon  
  156  21:45  Nexus  
  156  21:55  Nexus  
  156  22:02  Nexus  
  156  22:11  Photon Cannon  
  156  22:12  Photon Cannon  
  156  22:25  Photon Cannon  
  156  22:27  Photon Cannon, Probe  
  157  22:39  Probe  
  157  22:43  Shield Battery  
  157  22:44  Shield Battery  
  158  22:45  Shield Battery  
  158  22:50  Pylon  
  158  23:04  Shield Battery  
Show
View Real Time Build Order
Export as new Build Order

Anonymous Zerg 

Build Orders: Hatch First 

Get SALT Encoding   

  12  0:31  Drone x2  
  12  0:32  Overlord  
  14  0:35  Hatchery  
  14  0:39  Spawning Pool  
  12  0:44  Drone  
  13  0:53  Drone  
  13  0:56  Hatchery  
  13  1:05  Drone  
  14  1:14  Drone  
  15  1:25  Drone  
  16  1:26  Lair  
  16  1:35  Drone  
  17  1:46  Drone  
  18  1:53  Drone  
  19  1:57  Drone  
  19  1:59  Drone  
  21  2:02  Queen  
  21  2:07  Drone  
  24  2:08  Queen  
  24  2:09  Drone  
  24  2:10  Drone  
  28  2:18  Drone  
  28  2:20  Drone x2  
  31  2:29  Drone  
  32  2:31  Drone x2  
  34  2:42  Evolution Chamber  
  33  2:45  Overlord x2  
  33  2:51  Extractor  
  33  2:54  Extractor, Drone  
  33  2:55  Drone x2  
  34  3:00  Extractor x2, Drone  
  34  3:02  Drone  
  34  3:03  Drone  
  34  3:04  Drone  
  36  3:11  Drone  
  37  3:22  Drone x4  
  37  3:24  Drone x2  
  43  3:33  Zerg Ground Armor Level 1  
  43  3:34  Drone  
  44  3:40  Evolution Chamber  
  43  3:43  Hatchery  
  44  3:55  Drone x2  
  44  3:56  Drone x5  
  49  4:04  Infestation Pit  
  49  4:05  Drone x2  
  49  4:07  Zerg Missile Weapons Level 1  
  49  4:08  Overlord  
  50  4:25  Hatchery  
  49  4:33  Drone x2  
  49  4:34  Drone  
  52  4:41  Hatchery  
  51  4:47  Hatchery  
  50  4:56  Drone x2  
  50  4:57  Hatchery  
  51  5:04  Spire  
  51  5:06  Drone, Spire  
  50  5:24  Hive  
  50  5:25  Metabolic Boost  
  50  5:28  Drone x3  
  52  5:29  Drone  
  54  5:56  Zerg Ground Armor Level 2  
  54  6:01  Hydralisk Den  
  53  6:16  Overlord x3  
  53  6:18  Zerg Flyer Weapons Level 1  
  53  6:19  Zerg Flyer Armor Level 1  
  53  6:21  Zerg Missile Weapons Level 2  
  53  6:33  Muscular Augments  
  53  6:34  Hydralisk x8  
  53  6:35  Hydralisk x5  
  79  6:47  Hatchery  
  78  6:58  Hydralisk  
  78  6:59  Hydralisk x4  
  88  7:08  Hydralisk x3  
  92  8:00  Hydralisk  
  92  8:01  Hydralisk x13  
  118  8:21  Overlord x3  
  118  8:22  Overlord x5  
  118  8:33  Zerg Flyer Weapons Level 2  
  118  8:34  Zerg Flyer Armor Level 2  
  118  8:35  Adrenal Glands  
  118  8:50  Lurker Den  
  117  8:58  Pneumatized Carapace  
  117  9:09  Hatchery  
  116  9:30  Grooved Spines  
  116  10:07  Zerg Missile Weapons Level 3, Zerg Ground Armor Level 3  
  116  10:09  Overlord  
  116  10:10  Overlord x3  
  116  10:36  Seismic Spines  
  116  10:54  Viper  
  116  10:55  Viper  
  122  11:06  Viper  
  125  11:33  Adaptive Talons  
  125  11:42  Unknown  
  125  11:43  Hatchery  
  124  12:06  Evolution Chamber  
  124  12:07  Drone  
  124  12:08  Drone x6  
  130  12:41  Evolution Chamber  
  129  12:50  Evolution Chamber  
  128  12:54  Evolution Chamber  
  128  12:57  Evolution Chamber  
  126  13:01  Evolution Chamber  
  126  13:05  Evolution Chamber  
  124  13:06  Evolution Chamber, Viper  
  124  13:07  Viper x3  
  124  13:11  Viper  
  138  13:40  Zerg Melee Weapons Level 1  
  138  13:41  Zerg Flyer Armor Level 3, Zerg Flyer Weapons Level 3  
  138  13:46  Burrow  
  138  13:47  Overlord x2  
  138  13:48  Overlord x3  
  138  13:49  Overlord x2  
  138  14:34  Hydralisk  
  138  14:35  Hydralisk x11  
  162  15:32  Hydralisk  
  162  15:33  Hydralisk x11  
  186  15:36  Hydralisk  
  188  16:33  Zerg Melee Weapons Level 2  
  188  16:35  Greater Spire x2  
  188  17:11  Overseer  
  188  17:12  Overseer x4  
  188  17:23  Overseer x3  
  188  20:25  Hydralisk  
  188  20:26  Hydralisk x5  
Show
View Real Time Build Order
Export as new Build Order

MahLiLPWNY Protoss 

Build Orders:  

Get SALT Encoding   

  12  0:33  Probe  
  13  0:45  Probe  
  14  0:52  Pylon  
  14  0:57  Probe  
  15  1:10  Probe  
  16  1:14  Gateway  
  16  1:23  Probe  
  17  1:32  Assimilator, Probe  
  17  1:38  Assimilator  
  18  1:40  Probe  
  19  1:47  Pylon  
  19  1:49  Probe  
  20  2:01  Probe  
  21  2:13  Probe  
  22  2:25  Probe  
  23  2:35  Probe  
  23  2:38  Cybernetics Core, Forge  
  23  2:42  Nexus  
  23  2:43  Probe  
  24  2:47  Pylon  
  25  2:51  Probe  
  26  3:03  Pylon  
  26  3:04  Probe  
  27  3:06  Gateway  
  27  3:16  Probe  
  28  3:24  Stalker  
  28  3:28  Probe  
  31  3:40  Probe  
  32  3:44  Stalker  
  32  3:51  Stalker  
  32  3:52  Probe  
  37  4:04  Probe  
  37  4:08  Probe  
  39  4:16  Probe  
  40  4:20  Probe  
  40  4:22  Photon Cannon  
  41  4:24  Photon Cannon  
  41  4:28  Probe  
  41  4:29  Warp Gate  
  42  4:32  Probe, Protoss Shields Level 1  
  43  4:49  Zealot  
  43  4:50  Zealot  
  47  4:56  Probe  
  48  5:05  Robotics Facility  
  48  5:08  Probe  
  48  5:13  Stalker  
  49  5:20  Sentry, Probe  
  54  5:40  Stalker  
  54  5:43  Sentry  
  58  6:47  Probe  
  58  6:51  Assimilator  
  58  6:53  Assimilator  
  59  6:58  Pylon  
  59  6:59  Probe  
  60  7:02  Pylon  
  60  7:11  Probe, Stargate  
  61  7:21  Observer  
  62  7:28  Stalker  
  62  7:29  Stalker  
  66  7:39  Observer  
  67  7:49  Pylon  
  67  7:52  Pylon  
  67  8:00  Pylon  
  67  8:01  Fleet Beacon  
  67  8:11  Pylon  
  67  8:12  Void Ray  
  71  8:18  Protoss Air Weapons Level 1  
  71  9:22  Carrier  
  77  10:22  Immortal  
  77  10:26  Carrier  
  87  11:01  Immortal  
  91  11:15  Protoss Ground Weapons Level 1  
  91  11:20  Stalker x2  
  95  11:34  Twilight Council  
  95  11:37  Probe  
  96  11:41  Immortal  
  100  11:49  Probe  
  101  12:01  Probe  
  102  12:06  Zealot  
  104  13:28  Carrier  
Show
View Real Time Build Order
Export as new Build Order

Motive Zerg 

Build Orders: Pool First 

Get SALT Encoding   

  12  0:31  Drone x2  
  14  0:35  Spawning Pool  
  14  0:40  Drone  
  14  0:57  Overlord  
  14  0:59  Hatchery  
  14  1:03  Drone  
  14  1:17  Drone x2  
  16  1:47  Spine Crawler  
  15  1:49  Spine Crawler  
  15  1:50  Spine Crawler  
  15  1:52  Spine Crawler  
  12  1:58  Zergling x6  
  12  1:59  Metabolic Boost  
  15  2:10  Roach Warren  
  15  2:12  Extractor, Drone x2, Queen  
  17  2:44  Spine Crawler  
  16  2:45  Spine Crawler  
  16  2:47  Zergling x6  
  18  2:54  Zergling x2  
  18  3:03  Drone x2  
  20  3:11  Drone x2  
  22  3:29  Lair  
  22  3:35  Drone  
  22  3:40  Drone  
  24  3:57  Drone x3  
  16  4:27  Zergling x8  
  7  4:58  Zergling x2  
Tags
 
Add a new tag
Caveats
  • Supply blocks, unpowered buildings, or Contaminate may cause inaccurate times.
  • Supply counts are checked every 10 seconds.